 Dungeon Crawl Stone Soup version bcrawl-1.27.3 (webtiles) character file.

Game seed: 9463820022469472049

281019 MisterOstroum the Frost Mage (level 10, -6/64 HPs)
             Began as a Demonspawn Ice Elementalist on Oct 12, 2020.
             Was a Priest of Sif Muna.
             Mangled by a meliai
             ... wielding a +0 war axe
              (8 damage)
             ... on level 9 of the Dungeon.
             The game lasted 00:16:30 (8844 turns).

MisterOstroum the Frost Mage (DsIE)                 Turns: 8844, Time: 00:16:32

Health: -6/64      AC: 15    Str:  9    XL:     10   Next: 23%
Magic:  0/17       EV: 13    Int: 23    God:    Sif Muna [***...]
Gold:   406        SH:  0    Dex: 18    Spells: 4/19 levels left

rFire    + . .     SeeInvis .   a - +0 dagger (venom)
rCold    . . .     Gourm    .   (no shield)
rNeg     . . .     Faith    .   J - +0 ring mail of Siggaog {rPois Int+4 Dex+4}
rPois    +         Spirit   +   d - +2 hat
rElec    .         Reflect  .   (no cloak)
rCorr    .         Harm     .   K - +0 pair of gloves
MR       .....                  (no boots)
Stlth    +.........             (no amulet)
HPRegen  0.20/turn              l - +6 ring of protection
MPRegen  0.30/turn              p - +3 ring of slaying

@: about to teleport, no casting
A: hooves 1, repulsion field 1, fire resistance 1, magic shield, magic
regeneration, flame cloud immunity
a: Stop Divine Energy, Channel Magic, Renounce Religion


You were on level 9 of the Dungeon.
You worshipped Sif Muna.
Sif Muna was most pleased with you.
You were hungry.

You visited 2 branches of the dungeon, and saw 10 of its levels.

You collected 814 gold pieces.
You spent 408 gold pieces at shops.

Inventory:

Hand Weapons
 a - a +0 dagger of venom (weapon)
 b - a +0 dagger of draining
 f - a +0 spear
 A - a +0 scimitar
 F - a +0 rapier
 S - a cursed +2 scimitar
Missiles
 h - 821 arrows
 j - 694 sling bullets
 o - 1735 stones
 r - 634 bolts
 I - 141 poisoned tomahawks (quivered)
Armour
 d - a +2 hat (worn)
 J - the +0 ring mail of Siggaog (worn) {rPois Int+4 Dex+4}
   (You bought it in a shop on level 4 of the Dungeon)

   It affects your intelligence (+4).
   It affects your dexterity (+4).
   It protects you from poison.
 K - a +0 pair of gloves (worn)
Jewellery
 k - an uncursed ring of teleportation
 l - a +6 ring of protection (left hand)
 n - an uncursed ring of resist corrosion
 p - a +3 ring of slaying (right hand)
 q - an uncursed ring of insulation
 t - an uncursed ring of stealth
Wands
 c - a wand of iceblast (11)
 g - a wand of acid (8)
 s - a wand of polymorph (15)
 G - a wand of paralysis (11)
 M - a wand of digging (6)
Scrolls
 i - 4 scrolls of remove curse {@r2}
 u - 2 scrolls of immolation
 v - 2 scrolls of identify {@r1}
 w - a scroll of teleportation {@r3 !r}
 y - 3 scrolls of fear {!r}
 B - 3 scrolls of fog {!r}
 D - a scroll of noise {unknown}
 L - a scroll of silence {unknown}
 O - a scroll of enchant weapon {unknown}
 P - 2 scrolls of enchant armour {unknown}
 Q - a scroll of vulnerability {unknown}
Potions
 m - a potion of agility {@q5 !q}
 x - 2 potions of heal wounds {@q2 !q}
 z - 3 potions of curing {@q1 !q}
 C - 2 potions of haste
 E - a potion of berserk rage
 H - 3 potions of mutation
 N - 2 potions of flight
 R - a potion of lignification {unknown}
Comestibles
 e - a ration {!d}
 T - 8 chunks of flesh


   Skills:
 + Level 0.8 Fighting
 + Level 0.5 Short Blades
 - Level 5.0 Armour
 - Level 1.7 Dodging
 - Level 2.0 Stealth
 - Level 5.0 Spellcasting
 * Level 8.0 Conjurations
 + Level 2.4 Charms
 + Level 9.3 Ice Magic
 + Level 0.8 Evocations


You had 4 spell levels left.
You knew the following spells:

 Your Spells              Type           Power        Failure   Level  Hunger
a - Freeze                Ice            #####.       1%          1    None
b - Throw Frost           Conj/Ice       #####.       1%          2    None
c - Iskenderun's Mystic   Conj           #####...     2%          3    ###....
d - Throw Icicle          Conj/Ice       #####...     7%          4    #####..
e - Ozocubu's Armour      Chrm/Ice       ####....     6%          3    ###....
B - Blink                 Tloc           N/A          34%         2    None

Your spell library contained the following spells:

 Spells                   Type           Power        Failure   Level  Hunger
 Magic Dart               Conj           ####         1%          1    None
 Conjure Flame            Conj/Fire      ###.....     14%         3    ###....
 Dazzling Orbs            Conj/Hex       ###....      14%         3    ###....
 Mephitic Cloud           Conj/Pois/Air  ###.....     24%         3    ###....
 Call Imp                 Summ           #.....       34%         2    None
 Ice Form                 Ice/Tmut       ####....     34%         4    #####..
 Summon Ice Beast         Ice/Summ       ####....     34%         4    #####..
 Confuse                  Hex            #.......     56%         3    ###....
 Spider Form              Tmut/Pois      #..          56%         3    ###....
 Petrify                  Tmut/Erth      #.........   93%         4    #####..
 Yara's Violent Unravell  Hex/Tmut       #.........   93%         4    #####..
 Iskenderun's Battlesphe  Conj/Chrm      ####....     58%         5    ######.
 Metabolic Englaciation   Hex/Ice        ####......   69%         5    ######.
 Conjure Ball Lightning   Conj/Air       ###.......   100%        6    #######
 Mana Rupture             Conj/Hex       ###.......   100%        7    #######
 Orb of Destruction       Conj           #####.....   100%        7    #######
 Chain Lightning          Conj/Air       ###.......   100%        8    #######
 Fire Storm               Conj/Fire      ###.......   100%        9    #######


Dungeon Overview and Level Annotations

Branches:
Dungeon (9/12)             Temple (1/1) D:5            Lair (0/6) D:9
    Orc: D:8-11

Altars:
Ashenzari
Dithmenos
Elyvilon
Fedhas
Gozag
Hepliaklqana
Kikubaaqudgha
Lugonu
Makhleb
Nemelex Xobeh
Okawaru
Qazlal
Ru
Sif Muna
Trog
Uskayaw
Vehumet
Xom
Yredelemnul
Zin
The Shining One

Shops:
D:4 *   D:5 (   D:7 (


Innate Abilities, Weirdness & Mutations

You have large cloven feet.
You are surrounded by a mild repulsion field. (EV +2)
Your flesh is heat resistant. (rF+)
When hurt, damage is shared between your health and your magic reserves.
You regenerate magic rapidly.
You are immune to clouds of flame.


Message History

e - Iskenderun's Mystic Blast Adjust to which letter? c - Iskenderun's Mystic Blast; e - Ozocubu's Armour You now have 382 gold pieces (gained 22).
r - 634 bolts (gained 71)
You see here a +0 giant club.
Found an escape hatch in the floor.
Things that are here:
a +0 dagger; a +0 robe; an orc corpse You butcher the orc corpse.
T - 9 chunks of flesh (gained 1)
Things that are here:
a +0 dagger; a +0 robe; an orc skeleton
Things that are here:
a +0 dagger; a +0 robe; an orc skeleton You now have 406 gold pieces (gained 24).
y - 3 scrolls of fear {!r} (gained 1)
h - 821 arrows (gained 167)
A zombie and a meliai come into view.
The meliai buzzes angrily.
You hear an angry buzzing noise.
Found a stone staircase leading down.
There are monsters nearby!
There are monsters nearby!
There are monsters nearby!
Casting: Throw Frost (safe; 1% risk of failure)
Confirm with . or Enter, or press ? or * to list all spells.
Aiming: Iskenderun's Mystic Blast (safe; 2% risk of failure)
Press: ? - help, Shift-Dir - straight line, f - meliai
Aim: a meliai, wielding a +0 hand axe and wearing a +0 leather armour The orb of energy misses the meliai.
You hear an angry buzzing noise.
The meliai mumbles some strange prayers to its god against you.
Something smites you!
A meliai comes into view.
It is wielding a +2 vampiric hand axe and wearing a +2 robe of the Archmagi.
A meliai comes into view. It is wielding a +0 war axe.
The meliai invokes the aid of its god against you.
Something smites you!
Casting: Iskenderun's Mystic Blast (safe; 2% risk of failure)
Confirm with . or Enter, or press ? or * to list all spells.
Aiming: Iskenderun's Mystic Blast (safe; 2% risk of failure)
Press: ? - help, Shift-Dir - straight line, f/p - meliai
Aim: a meliai, wielding a +0 hand axe and wearing a +0 leather armour The orb of energy hits the meliai!
The meliai is heavily wounded.
You are feeling hungry.
The meliai calls upon its god to heal the meliai.
The meliai is healed somewhat.
Casting: Iskenderun's Mystic Blast (safe; 2% risk of failure)
Confirm with . or Enter, or press ? or * to list all spells.
Aiming: Iskenderun's Mystic Blast (safe; 2% risk of failure)
Press: ? - help, Shift-Dir - straight line, f/p - meliai
Aim: a meliai, wielding a +0 hand axe and wearing a +0 leather armour (moderately wounded)
The orb of energy hits the meliai!
The meliai is almost dead.
The meliai mumbles some strange prayers to its god against you.
Something smites you!
The meliai calls upon its god to heal the meliai.
The meliai is healed somewhat.
Casting: Iskenderun's Mystic Blast (safe; 2% risk of failure)
Confirm with . or Enter, or press ? or * to list all spells.
Aiming: Iskenderun's Mystic Blast (safe; 2% risk of failure)
Press: ? - help, Shift-Dir - straight line, f/p - meliai
Aim: a meliai, wielding a +0 hand axe and wearing a +0 leather armour (heavily wounded)
The orb of energy hits the meliai!
You kill the meliai!
Sif Muna accepts your kill.
The meliai hits you with a +2 vampiric hand axe.
The meliai stings you but does no damage.
Some of the chunks of flesh in your inventory have rotted away.
Casting: Iskenderun's Mystic Blast (safe; 2% risk of failure)
Confirm with . or Enter, or press ? or * to list all spells.
Aiming: Iskenderun's Mystic Blast (safe; 2% risk of failure)
Press: ? - help, Shift-Dir - straight line, f - meliai
Aim: a meliai, wielding a +2 vampiric hand axe and wearing a +2 robe of the Archmagi The orb of energy misses the meliai.
The orb of energy hits the hound zombie!
The hound zombie is moderately damaged.
Sif Muna grants you divine energy.
You briefly lose access to your magic!
The meliai completely misses you. The meliai barely misses you.
The meliai completely misses you. The meliai barely misses you.
The meliai mumbles some strange prayers to its god against you.
Something smites you! The meliai closely misses you.
The meliai stings you but does no damage.
The meliai misses you.
The meliai stings you but does no damage.
The hound zombie misses you.
Really read
w - 2 scrolls of teleportation {@r3 !r}?
As you read the scroll of teleportation {@r3 !r}, it crumbles to dust.
You feel strangely unstable. The meliai completely misses you.
The meliai stings you. The meliai completely misses you.
The meliai stings you but does no damage.
The meliai hits you with a +2 vampiric hand axe.
The meliai stings you!
* * * LOW HITPOINT WARNING * * *
The hound zombie closely misses you. The meliai hits you with a +0 war axe!
* * * LOW HITPOINT WARNING * * *
The meliai stings you!
You die...

..≈≈≈....≈≈≈≈≈≈ .###.
#≈.≈≈≈....≈≈≈≈≈≈ ......#
#..≈≈.≈.>..≈≈≈≈≈
.......###..≈≈≈....≈≈≈≈≈≈
........##.≈≈≈≈.≈.≈.≈≈≈≈≈
........#....≈≈≈≈≈≈≈≈.≈≈≈
...$....#....≈≈≈≈≈≈≈≈≈..≈
.....).y...≈≈≈.≈.≈≈≈≈≈...
.......y@.......≈≈)≈≈≈≈..
>.....!Z...≈..≈.≈...≈....
..................≈....≈.
#.....#..................
#######.......####..#####
#..>......)).##
#.......###### #.......#
#.......#


You could see 2 meliai and a hound zombie.

Vanquished Creatures
  A meliai (D:9)
  2 trolls
  3 hungry ghosts
  Eustachio (D:5)
  A crocodile (D:6)
  An orc warrior (D:7)
  An ice beast (D:7)
  A wolf (D:9)
  3 ogres
  3 centaurs
  3 bullfrogs
  3 scorpions
  3 killer bees (D:8)
  4 wights (D:8)
  2 electric eels (D:9)
  4 crimson imps
  2 centaur zombies
  5 orc priests
  12 orc wizards
  10 hounds
  2 jellies (D:5)
  2 bullfrog skeletons
  2 centaur skeletons
  4 worker ants
  A hound skeleton (D:5)
  3 gnolls (D:2)
  4 adders
  3 oozes
  4 worms
  4 dart slugs
  4 leopard geckos
  23 orcs
  A ball python (D:1)
  4 bats
  3 giant cockroaches
  3 goblins (D:1)
  7 hobgoblins
  15 jackals
  4 quokkas
  A ball python skeleton (D:5)
  13 frilled lizards
  7 kobolds
  A quokka skeleton (D:5)
  6 rats
186 creatures vanquished.

Notes
Turn   | Place    | Note
-------+----------+-------------------------------------------
     0 | D:1      | MisterOstroum the Demonspawn Ice Elementalist began the
                  | quest for the Orb.
     0 | D:1      | Reached XP level 1. HP: 13/13 MP: 3/3
    76 | D:1      | Reached skill level 3 in Ice Magic
   258 | D:1      | Gained mutation: When hurt, damage is shared between your
                  | health and your magic reserves. [demonic ancestry]
   258 | D:1      | Reached XP level 2. HP: 19/19 MP: 5/5
  1160 | D:2      | Gained mutation: You have large cloven feet. [demonic
                  | ancestry]
  1160 | D:2      | Reached XP level 3. HP: 21/24 MP: 3/6
  1270 | D:2      | Reached skill level 4 in Ice Magic
  1650 | D:2      | Found a shimmering altar of Xom.
  1650 | D:2      | Found a shimmering altar of Xom.
  1650 | D:2      | Found a shimmering altar of Xom.
  1651 | D:2      | Found a shimmering altar of Xom.
  1651 | D:2      | Found a shimmering altar of Xom.
  1652 | D:2      | Found a shimmering altar of Xom.
  1652 | D:2      | Found a shimmering altar of Xom.
  1652 | D:2      | Found a corrupted altar of Lugonu.
  1921 | D:2      | Gained mutation: You are surrounded by a mild repulsion
                  | field. (EV +2) [demonic ancestry]
  1921 | D:2      | Reached XP level 4. HP: 26/30 MP: 0/7
  2595 | D:2      | Learned a level 2 spell: Throw Frost
  2599 | D:2      | Learned a level 3 spell: Ozocubu's Armour
  2874 | D:3      | Reached skill level 5 in Ice Magic
  2951 | D:3      | Reached XP level 5. HP: 27/35 MP: 0/8
  3431 | D:3      | Gained mutation: You regenerate magic rapidly. [demonic
                  | ancestry]
  3431 | D:3      | Reached XP level 6. HP: 39/41 MP: 3/10
  3785 | D:4      | Found Fiob's General Store.
  3801 | D:4      | Bought a scroll of fog for 24 gold pieces
  3872 | D:4      | Learned a level 2 spell: Blink
  3902 | D:4      | Reached skill level 6 in Ice Magic
  3986 | D:4      | Gained mutation: Your flesh is heat resistant. (rF+)
                  | [demonic ancestry]
  3986 | D:4      | Reached XP level 7. HP: 42/46 MP: 7/11
  4131 | D:4      | Found an opulent altar of Gozag.
  4156 | D:5      | Entered Level 5 of the Dungeon
  4183 | D:5      | Reached skill level 1 in Armour
  4575 | D:5      | Found a staircase to the Ecumenical Temple.
  4641 | Temple   | Entered the Ecumenical Temple
  4845 | Temple   | Became a worshipper of Sif Muna the Loreminder
  4993 | D:5      | Noticed Eustachio
  5006 | D:5      | Killed Eustachio
  5006 | D:5      | Reached skill level 7 in Ice Magic
  5006 | D:5      | Reached XP level 8. HP: 52/52 MP: 2/14
  5054 | D:5      | Got a buzzing leather armour
  5374 | D:5      | Found Vebutefiso's Weapon Shop.
  5478 | D:4      | Bought the +0 ring mail of Siggaog {rPois Int+4 Dex+4} for
                  | 384 gold pieces
  5478 | D:4      | Identified the +1 leather armour "Milabiwn" {Dex+6} (You
                  | found it on level 5 of the Dungeon)
  5504 | D:4      | Learned a level 4 spell: Throw Icicle
  5782 | D:6      | Reached skill level 1 in Charms
  5886 | D:6      | Reached * piety under Sif Muna
  6027 | D:6      | Found a burning altar of Makhleb.
  6050 | D:6      | Reached skill level 8 in Ice Magic
  6114 | D:6      | Found a white marble altar of Elyvilon.
  6116 | D:6      | Found a radiant altar of Vehumet.
  6402 | D:7      | Received a gift from Sif Muna
  6776 | D:7      | Reached XP level 9. HP: 51/57 MP: 7/15
  6849 | D:7      | Found Ducvocze's Weapon Shop.
  6855 | D:7      | Noticed a troll
  6861 | D:7      | Killed a troll
  7147 | D:7      | Reached skill level 5 in Conjurations
  7621 | D:8      | Reached ** piety under Sif Muna
  7968 | D:8      | Reached skill level 5 in Spellcasting
  8332 | D:8      | Reached skill level 5 in Armour
  8344 | D:8      | Reached skill level 9 in Ice Magic
  8612 | D:9      | Noticed a troll
  8614 | D:9      | Gained mutation: You are immune to clouds of flame.
                  | [demonic ancestry]
  8614 | D:9      | Reached XP level 10. HP: 57/63 MP: 9/17
  8725 | D:9      | Found a staircase to the Lair.
  8767 | D:9      | Reached *** piety under Sif Muna
  8793 | D:9      | Identified Sif Muna's Grimoire of Attacks (Sif Muna gifted
                  | it to you on level 9 of the Dungeon)
  8793 | D:9      | Received a gift from Sif Muna
  8799 | D:9      | Learned a level 3 spell: Iskenderun's Mystic Blast
  8844 | D:9      | HP: 2/64 [meliai/+0 war axe (11)]
  8844 | D:9      | Mangled by a meliai

Skill      XL: |  1  2  3  4  5  6  7  8  9 10 |
---------------+-------------------------------+-----
Ice Magic      | 3 4 5 6 7 8 9 |  9.3
Conjurations   | 2 3 4 7 8 |  8.0
Spellcasting   | 3 4 5 |  5.0
Armour         | 2 3 5 |  5.0
Charms         | 2 |  2.4
Fighting       | |  0.8
Short Blades   | |  0.5
Dodging        | |  1.7
Stealth        | |  2.0
Evocations     | |  0.8

Action                   |  1- 3 |  4- 6 |  7- 9 | 10-12 || total
-------------------------+-------+-------+-------+-------++-------
Melee: Dagger            |    48 |    56 |   174 |    17 ||   295
       Unarmed           |     4 |       |       |       ||     4
       Kick              |     3 |    14 |    66 |     7 ||    90
       Rapier            |       |       |    17 |       ||    17
       Scimitar          |       |       |    26 |       ||    26
Throw: Stone             |    14 |     4 |       |       ||    18
       Tomahawk          |       |       |     1 |       ||     1
 Cast: Freeze            |    50 |    94 |    70 |       ||   214
       Throw Frost       |       |    10 |    79 |    17 ||   106
       Ozocubu's Armour  |       |     2 |    21 |     3 ||    26
       Throw Icicle      |       |       |     6 |       ||     6
       Iskenderun's Myst |       |       |       |     5 ||     5
Invok: Divine Energy     |       |       |     1 |       ||     1
  Use: Scroll            |       |     8 |     6 |     1 ||    15
 Stab: Sleeping          |     2 |     1 |       |       ||     3
  Eat: Chunk             |     4 |    13 |    27 |     1 ||    45
       Ration            |       |       |     4 |       ||     4
Armor: Robe              |    11 |     3 |       |       ||    14
       Leather armour    |       |    44 |    22 |       ||    66
       Ring mail         |       |       |    98 |    34 ||   132
Dodge: Dodged            |    51 |    95 |   175 |    56 ||   377
